 Dungeon Crawl Stone Soup version 0.21.0-37-g46506fa5f3 (webtiles) character file.

150448 Jerry the Thaumaturge (level 17, -1/131 HPs)
             Began as a Gnoll Enchanter on Jan 10, 2018.
             Was the Champion of Dithmenos.
             Slain by a nagaraja
             ... wielding a +0 spear
              (17 damage)
             ... on level 4 of the Snake Pit on Jan 31, 2018.
             The game lasted 03:50:47 (34735 turns).

Jerry the Thaumaturge (Gnoll Enchanter)            Turns: 34735, Time: 03:50:48

Health: -1/131     AC: 13    Str: 14    XL:     17   Next: 53%
Magic:  28/34      EV: 17    Int: 22    God:    Dithmenos [******]
Gold:   1044       SH: 12    Dex: 16    Spells: 1/43 levels left

rFire    + + .     SeeInvis .   s - +2 scimitar (venom)
rCold    + + +     Gourm    .   f - +0 shield "Tarchuach" {rC++}
rNeg     . . .     Faith    .   t - +0 troll leather armour
rPois    +         Spirit   .   h - +2 helmet
rElec    +         Reflect  .   F - scarf {rC+ rF+}
rCorr    +         Harm     .   H - +0 pair of gloves
MR       +....                  A - +1 pair of boots "Turup" {rElec rC+ rCorr Int-3}
Stlth    ++++++++++             X - amulet of magic regeneration
HPRegen  0.71/turn              B - ring of wizardry
MPRegen  0.49/turn              U - ring of Internal Strife {Fire rPois Int+4 Stlth+}

@: lethally poisoned (-1 -> -1), about to teleport, no potions, hasted, wreathed
by umbra, constricted, studying Spellcasting, very quick
A: distributed training, fangs 1, strong nose
a: Shadow Step, Shadow Form, Renounce Religion


You were on level 4 of the Snake Pit.
You worshipped Dithmenos.
Dithmenos was exalted by your worship.
You were not hungry.

You visited 4 branches of the dungeon, and saw 26 of its levels.
You also visited: Labyrinth, Ossuary and Ice Cave.

You collected 2589 gold pieces.
You spent 1545 gold pieces at shops.

Inventory:

Hand Weapons
 n - a +0 rapier of venom
 s - a +2 scimitar of venom (weapon)
 Q - a +0 demon trident of electrocution
 W - the +8 quarterstaff of Fate {venom, rElec Str+4 Dex-4 SInv}
   (You found it in a labyrinth)

   It poisons the flesh of those it strikes.
   It affects your strength (+4).
   It affects your dexterity (-4).
   It insulates you from electricity.
   It lets you see invisible.
Missiles
 R - 4 throwing nets (quivered)
Armour
 f - the +0 shield "Tarchuach" (worn) {rC++}
   (You acquired it on level 13 of the Dungeon)

   It greatly protects you from cold.
 h - a +2 helmet (worn)
 t - a +0 troll leather armour (worn)
 A - the +1 pair of boots "Turup" (worn) {rElec rC+ rCorr Int-3}
   (You found it on level 6 of the Dungeon)

   It affects your intelligence (-3).
   It protects you from cold.
   It insulates you from electricity.
   It protects you from acid and corrosion.
 F - a scarf of resistance (worn)
 H - a +0 pair of gloves (worn)
Magical Staves
 P - an uncursed staff of wizardry
Jewellery
 c - an uncursed amulet of regeneration
 B - a ring of wizardry (left hand)
 O - an uncursed ring of wizardry
 U - the ring of Internal Strife (right hand) {Fire rPois Int+4 Stlth+}
   (You found it on level 3 of the Lair of Beasts)

   [ring of fire]

   It enhances your fire magic.
   It affects your intelligence (+4).
   It protects you from fire.
   It makes you vulnerable to cold.
   It protects you from poison.
   It makes you more stealthy.
 X - an amulet of magic regeneration (around neck)
Wands
 p - a wand of iceblast (30)
 q - a wand of enslavement (33)
 w - a wand of paralysis (27)
 C - a wand of disintegration (26)
Scrolls
 e - 5 scrolls of enchant armour
 g - 11 scrolls of teleportation
 j - 12 scrolls of remove curse
 y - 4 scrolls of amnesia
 D - 5 scrolls of fear
 E - 9 scrolls of magic mapping
 G - a scroll of summoning {unknown}
 M - 4 scrolls of enchant weapon
 T - 2 scrolls of blinking
 Y - a scroll of identify
Potions
 i - a potion of flight
 k - 5 potions of heal wounds
 l - 3 potions of berserk rage
 m - 5 potions of might
 r - 14 potions of curing
 v - 4 potions of ambrosia
 z - 3 potions of lignification {unknown}
 I - 6 potions of brilliance {unknown}
 J - 3 potions of agility {unknown}
 K - a potion of resistance {unknown}
 S - 2 potions of haste
 V - a potion of invisibility
Books
 b - a book of Conjurations

   Spells                             Type                      Level
   a - Magic Dart                     Conjuration                  1
   b - Searing Ray                    Conjuration                  2
   c - Dazzling Spray                 Conjuration/Hexes            3
   d - Fulminant Prism                Conjuration/Hexes            4
   e - Force Lance                    Conjuration/Translocation    4
   f - Iskenderun's Mystic Blast      Conjuration                  4
 o - a manual of Spellcasting
 u - a book of Ice

   Spells                             Type                      Level
   a - Ice Form                       Ice/Transmutation            4
   b - Metabolic Englaciation         Hexes/Ice                    5
   c - Ozocubu's Refrigeration        Ice                          6
   d - Bolt of Cold                   Conjuration/Ice              6
   e - Freezing Cloud                 Conjuration/Ice/Air          6
   f - Simulacrum                     Ice/Necromancy               6
Miscellaneous
 a - a fan of gales
 Z - a box of beasts
Comestibles
 d - 66 rations


   Skills:
 + Level 11.4 Fighting
 + Level 11.6 Short Blades
 + Level 11.4 Long Blades
 + Level 11.4 Axes
 + Level 11.4 Maces & Flails
 + Level 11.4 Polearms
 + Level 11.4 Staves
 + Level 11.4 Slings
 + Level 11.4 Bows
 + Level 11.4 Crossbows
 + Level 11.4 Throwing
 + Level 11.4 Armour
 + Level 12.2 Dodging
 + Level 12.6 Stealth
 + Level 11.4 Shields
 + Level 11.4 Unarmed Combat
 + Level 13.8 Spellcasting
 + Level 9.7 Conjurations
 + Level 11.0 Hexes
 + Level 9.7 Charms
 + Level 9.7 Summonings
 + Level 9.7 Necromancy
 + Level 9.7 Translocations
 + Level 9.7 Transmutations
 + Level 9.7 Fire Magic
 + Level 9.7 Ice Magic
 + Level 9.7 Air Magic
 + Level 9.7 Earth Magic
 + Level 9.7 Poison Magic
 + Level 12.3 Invocations
 + Level 11.4 Evocations


You had one spell level left.
You knew the following spells:

 Your Spells              Type           Power        Failure   Level  Hunger
a - Force Lance           Conj/Tloc      ######..     1%          4    None
b - Ensorcelled Hibernat  Hex/Ice        ######       1%          2    None
c - Confuse               Hex            ######..     1%          3    None
d - Dazzling Spray        Conj/Hex       ######       1%          3    None
e - Summon Lightning Spi  Summ/Air       ######..     1%          4    None
f - Summon Ice Beast      Ice/Summ       ######..     1%          4    None
g - Summon Mana Viper     Hex/Summ       ######..     1%          5    ###....
h - Statue Form           Tmut/Erth      ######...    9%          6    #####..
i - Yara's Violent Unrav  Hex/Tmut       ######....   1%          5    ###....
j - Ozocubu's Refrigerat  Ice            ######....   9%          6    #####..


Dungeon Overview and Level Annotations

Branches:
Dungeon (15/15)            Temple (0/1) D:5            Lair (6/6) D:11
 Shoals (0/4) Lair:3        Snake (4/4) Lair:2        Slime (0/5) Lair:5
    Orc (1/2) D:10         Vaults (0/5) D:13         Depths (0/5) D:15

Altars:
Ashenzari
Cheibriados
Dithmenos
Fedhas
Hepliaklqana
Kikubaaqudgha
Makhleb
Nemelex Xobeh
Okawaru
Ru
Wu Jian
Xom
Yredelemnul
Zin
The Shining One
Beogh
Jiyva

Shops:
D:5 =   D:9 [   D:12 :}[:   D:13 [   D:14 (*:%   Snake:1 }}=

Annotations:
Lair:5 1 runed door


Innate Abilities, Weirdness & Mutations

Your experience applies equally to all skills.
You have very sharp teeth.
Your uncanny sense of smell can sniff out nearby items.


Message History

The anaconda is moderately wounded.
* * * LOW HITPOINT WARNING * * *
You emit a cloud of dark smoke.
The anaconda constricts you.
As you read the scroll of teleportation, it crumbles to dust.
You feel strangely unstable. You block the anaconda's attack.
* * * LOW HITPOINT WARNING * * *
The anaconda constricts you. The nagaraja completely misses you.
Casting: Summon Mana Viper
Confirm with . or Enter, or press ? or * to list all spells.
The heat is drained from your surroundings.
You resist.
You feel very cold.
* * * LOW HITPOINT WARNING * * *
The nagaraja and the anaconda are frozen.
The nagaraja is lightly wounded.
The anaconda is heavily wounded.
The anaconda bites you!
* * * LOW HITPOINT WARNING * * *
You emit a cloud of dark smoke.
The anaconda constricts you.
The nagaraja hits you from afar with a spear!
You die...

#.# ##....# #.##### #...###
##..##.####..# ### ##
##..##.#..#).# #.#####.#
....)........###.....§.##
....#...##...#...§S.§§..##
.........###..§§...§§##§.#
)........# #..NS##§§§NN#######
.........# #N.N#@#.§§§§§S§...#
.........###..##§##.§§§SN§....#
...........#...#§#########N...#
.........####..### [.##
.....###..# .### ## ...### ..#
. .... .. ###. .


You could see a nagaraja and an anaconda.

Vanquished Creatures
  Agnes (D:15)
  A nagaraja (Snake:4)
  Louise (D:15)
  A minotaur (Lab)
  2 ettins
  Josephine (Orc:1)
  8 vault guards
  A naga warrior (Snake:1)
  An ice dragon (D:11)
  Harold (Orc:1)
  4 hydras
  10 anacondas
  A death knight (D:14)
  3 centaur warriors
  2 death yaks
  7 two-headed ogres
  2 tengu warriors
  4 shock serpents
  Urug (D:11)
  An orc high priest (Orc:1)
  Sonja (D:15)
  5 naga sharpshooters
  A skeletal warrior (D:14)
  A salamander mystic (Snake:2)
  The ghost of Vifid the Charmwright, a novice GnSk (D:6)
  2 unseen horrors (D:14)
  3 naga ritualists
  A death drake (shapeshifter) (D:13)
  2 phantasmal warriors
  4 lindwurms (D:13)
  An orc knight (D:15)
  24 ugly things
  3 orc sorcerers
  4 mana vipers
  11 salamanders
  3 manticores
  6 cyclopes
  5 deep elf magi
  9 naga magi
  3 elephants (Lair:5)
  An ice statue (IceCv)
  28 black mambas
  5 spiny frogs
  Psyche (D:10)
  Joseph (Lair:1)
  6 gargoyles (D:7)
  6 centaur skeletons
  A torpor snail (Lair:6)
  An efreet (D:13)
  5 rime drakes
  9 komodo dragons
  A freezing wraith (D:14)
  2 tengu conjurers (D:15)
  A redback zombie (D:14)
  A queen bee (D:15)
  3 meliai (D:15)
  4 trolls
  23 polar bears
  10 blink frogs
  8 slime creatures (D:13)
  8 hippogriffs
  5 raiju (Lair:6)
  A meliai zombie (D:14)
  A redback (Lab)
  2 shadows
  A vampire (D:12)
  45 yaks
  6 wyverns
  A human (D:8)
  3 hogs
  8 wraiths
  6 basilisks
  6 vampire mosquitoes
  3 hungry ghosts
  A soldier ant (D:13)
  3 wargs (Lair:6)
  16 nagas
  2 acid dragons
  7 water moccasins
  5 porcupines
  10 hell hounds (Lair:6)
  7 sky beasts
  9 orc warriors
  3 ice beasts (D:12)
  An eye of draining (D:12)
  A necrophage (D:7)
  10 ogres
  14 black bears
  2 phantoms
  26 wolves
  11 centaurs
  4 crocodiles
  7 big kobolds
  15 bullfrogs
  2 scorpions
  39 killer bees
  7 wights
  A howler monkey (D:14)
  3 electric eels
  8 crimson imps
  8 centaur zombies
  A bullfrog zombie (D:13)
  3 bullfrog skeletons
  3 human zombies (Ossuary)
  12 orc priests
  17 hounds
  4 jellies
  14 orc wizards
  6 iguanas
  8 hell rats
  6 worker ants
  A killer bee zombie (D:5)
  A big kobold zombie (Ossuary)
  6 mummies
  2 hound skeletons
  A worker ant zombie (D:9)
  10 gnolls (D:3)
  13 adders
  6 river rats (Lair:5)
  2 shadow imps
  An adder zombie (D:8)
  3 adder skeletons
  5 worms
  2 dart slugs
  5 leopard geckos
  62 orcs
  A ball python (D:5)
  7 bats
  5 giant cockroaches
  21 hobgoblins
  6 jackals
  4 quokkas
  6 frilled lizards
  38 goblins
  A goblin zombie (Ossuary)
  A hobgoblin zombie (Ossuary)
  29 kobolds
  A leopard gecko skeleton (D:7)
  13 rats
  A spectral orc (D:5)
  A plant (D:11)
907 creatures vanquished.

Vanquished Creatures (collateral kills)
  The ghost of bartorex the Peltast, an adept TrBe of Trog (D:14)
  Roxanne (D:15)
  A frost giant (IceCv)
  The ghost of BreadTh the Eclecticist, an adept SpWz of Gozag (Lair:4)
  6 naga warriors
  An anaconda (Snake:2)
  Erica (D:10)
  2 death yaks (Lair:4)
  3 naga sharpshooters
  A salamander mystic (Snake:3)
  A sea snake (Snake:4)
  4 naga ritualists
  A skeletal warrior (D:14)
  5 mana vipers
  A salamander (Snake:3)
  3 guardian serpents
  15 black mambas
  2 naga magi (Snake:3)
  3 polar bears (Lair:6)
  A blink frog (Lair:5)
  2 wargs
  15 nagas
  2 hell hounds (Lair:6)
  A black bear (Lair:6)
  2 wolves (Lair:6)
  2 killer bees
  5 orc wizards
  4 orcs (D:10)
87 creatures vanquished.

Vanquished Creatures (others)
  A shock serpent (Snake:4)
  A wolf (IceCv)
  6 fungi
  13 plants
21 creatures vanquished.

Grand Total: 1015 creatures vanquished

Notes
Turn   | Place    | Note
-------+----------+-------------------------------------------
     0 | D:1      | Jerry the Gnoll Enchanter began the quest for the Orb.
     0 | D:1      | Reached XP level 1. HP: 13/13 MP: 6/6
   202 | D:1      | Reached XP level 2. HP: 16/19 MP: 7/7
   208 | D:1      | Learned a level 2 spell: Ensorcelled Hibernation
   639 | D:1      | Reached XP level 3. HP: 24/25 MP: 7/9
   719 | D:1      | Reached skill level 5 in Spellcasting
  1033 | D:1      | Reached skill level 1 in Invocations
  1343 | D:2      | Reached skill level 1 in Fighting
  1343 | D:2      | Reached skill level 1 in Long Blades
  1343 | D:2      | Reached skill level 1 in Axes
  1343 | D:2      | Reached skill level 1 in Maces & Flails
  1343 | D:2      | Reached skill level 1 in Polearms
  1343 | D:2      | Reached skill level 1 in Staves
  1343 | D:2      | Reached skill level 1 in Slings
  1343 | D:2      | Reached skill level 1 in Bows
  1343 | D:2      | Reached skill level 1 in Crossbows
  1343 | D:2      | Reached skill level 1 in Throwing
  1343 | D:2      | Reached skill level 1 in Armour
  1343 | D:2      | Reached skill level 1 in Shields
  1343 | D:2      | Reached skill level 1 in Unarmed Combat
  1343 | D:2      | Reached skill level 1 in Evocations
  1343 | D:2      | Reached XP level 4. HP: 32/32 MP: 8/11
  1386 | D:2      | Learned a level 3 spell: Confuse
  1390 | D:2      | Learned a level 3 spell: Dazzling Spray
  1544 | D:2      | Found a sacrificial altar of Ru.
  1545 | D:2      | Found a shadowy altar of Dithmenos.
  1553 | D:2      | Became a worshipper of Dithmenos the Shadowed
  1895 | D:2      | Reached skill level 1 in Conjurations
  1895 | D:2      | Reached skill level 1 in Charms
  1895 | D:2      | Reached skill level 1 in Summonings
  1895 | D:2      | Reached skill level 1 in Necromancy
  1895 | D:2      | Reached skill level 1 in Translocations
  1895 | D:2      | Reached skill level 1 in Transmutations
  1895 | D:2      | Reached skill level 1 in Fire Magic
  1895 | D:2      | Reached skill level 1 in Ice Magic
  1895 | D:2      | Reached skill level 1 in Air Magic
  1895 | D:2      | Reached skill level 1 in Earth Magic
  1895 | D:2      | Reached skill level 1 in Poison Magic
  2537 | D:2      | Reached XP level 5. HP: 17/37 MP: 2/12
  2751 | D:3      | Found a shimmering altar of Xom.
  2789 | D:3      | Reached * piety under Dithmenos
  3779 | D:3      | Reached ** piety under Dithmenos
  3796 | D:3      | Reached XP level 6. HP: 17/44 MP: 2/13
  4534 | D:3      | Reached skill level 5 in Dodging
  4568 | D:3      | Reached XP level 7. HP: 48/50 MP: 8/15
  5475 | D:4      | Found a sand-covered staircase.
  5480 | Ossuary  | Entered an ossuary
  5762 | Ossuary  | Reached *** piety under Dithmenos
  5947 | Ossuary  | Reached XP level 8. HP: 57/57 MP: 4/16
  6002 | D:5      | Entered Level 5 of the Dungeon
  6282 | D:5      | Found Entopry's Jewellery Boutique.
  6357 | D:5      | Reached skill level 6 in Spellcasting
  6783 | D:5      | Found a basalt altar of Yredelemnul.
  6860 | D:5      | Found a staircase to the Ecumenical Temple.
  7023 | D:6      | Reached **** piety under Dithmenos
  7108 | D:6      | Found a shattered altar of Ashenzari.
  7199 | D:6      | Noticed Vifid's ghost (novice GnSk)
  7536 | D:6      | Killed Vifid's ghost
  7536 | D:6      | Reached XP level 9. HP: 26/65 MP: 10/18
  7868 | D:6      | Got a pair of fine boots
  7869 | D:6      | Identified the +1 pair of boots "Turup" {rElec rC+ rCorr Int-3} (You found it on level 6 of the Dungeon)
  8201 | D:7      | Reached skill level 5 in Short Blades
  8307 | D:7      | Found a glowing silver altar of Zin.
  8714 | D:7      | Noticed a gargoyle
  8716 | D:7      | Killed a gargoyle
  8716 | D:7      | Reached skill level 5 in Invocations
  8729 | D:7      | Noticed a gargoyle
  8731 | D:7      | Killed a gargoyle
  8731 | D:7      | Reached skill level 7 in Spellcasting
  8731 | D:7      | Reached XP level 10. HP: 73/73 MP: 20/20
  8736 | D:7      | Noticed a gargoyle
  8738 | D:7      | Killed a gargoyle
  8744 | D:7      | Noticed a gargoyle
  8750 | D:7      | Killed a gargoyle
  8750 | D:7      | Reached skill level 5 in Fighting
  8750 | D:7      | Reached skill level 5 in Long Blades
  8750 | D:7      | Reached skill level 5 in Axes
  8750 | D:7      | Reached skill level 5 in Maces & Flails
  8750 | D:7      | Reached skill level 5 in Polearms
  8750 | D:7      | Reached skill level 5 in Staves
  8750 | D:7      | Reached skill level 5 in Slings
  8750 | D:7      | Reached skill level 5 in Bows
  8750 | D:7      | Reached skill level 5 in Crossbows
  8750 | D:7      | Reached skill level 5 in Throwing
  8750 | D:7      | Reached skill level 5 in Armour
  8750 | D:7      | Reached skill level 5 in Shields
  8750 | D:7      | Reached skill level 5 in Unarmed Combat
  8750 | D:7      | Reached skill level 5 in Evocations
  8768 | D:7      | Noticed a gargoyle
  8770 | D:7      | Killed a gargoyle
  8779 | D:7      | Noticed a gargoyle
  8781 | D:7      | Killed a gargoyle
  8992 | D:7      | Found a snail-covered altar of Cheibriados.
  8996 | D:7      | Found a hazy altar of Hepliaklqana.
  9001 | D:7      | Found a glowing golden altar of the Shining One.
  9370 | D:8      | Found a shadowy altar of Dithmenos.
 10122 | D:8      | Found an ornate altar of the Wu Jian Council.
 10148 | D:8      | Found a burning altar of Makhleb.
 10340 | D:8      | Reached ***** piety under Dithmenos
 10652 | D:8      | Got a distressingly furry robe
 10653 | D:8      | Identified the cursed +1 robe "Itoufecw" {Str-5 Int+10} (You took it off an orc on level 8 of the Dungeon)
 10699 | D:9      | Found Ceaclip's Armour Shop.
 10836 | D:9      | Reached XP level 11. HP: 81/81 MP: 20/22
 11146 | D:9      | Found an iron altar of Okawaru.
 11184 | D:9      | Found an ancient bone altar of Kikubaaqudgha.
 11276 | D:9      | Found a sparkling altar of Nemelex Xobeh.
 11636 | D:10     | Entered Level 10 of the Dungeon
 11701 | D:10     | Noticed Psyche
 11710 | D:10     | Killed Psyche
 11710 | D:10     | Reached skill level 5 in Conjurations
 11710 | D:10     | Reached skill level 5 in Charms
 11710 | D:10     | Reached skill level 5 in Summonings
 11710 | D:10     | Reached skill level 5 in Necromancy
 11710 | D:10     | Reached skill level 5 in Translocations
 11710 | D:10     | Reached skill level 5 in Transmutations
 11710 | D:10     | Reached skill level 5 in Fire Magic
 11710 | D:10     | Reached skill level 5 in Ice Magic
 11710 | D:10     | Reached skill level 5 in Air Magic
 11710 | D:10     | Reached skill level 5 in Earth Magic
 11710 | D:10     | Reached skill level 5 in Poison Magic
 11856 | D:10     | Reached skill level 8 in Spellcasting
 12294 | D:10     | Learned a level 4 spell: Summon Lightning Spire
 12299 | D:10     | Learned a level 4 spell: Summon Ice Beast
 12304 | D:10     | Found a staircase to the Orcish Mines.
 12662 | D:11     | Noticed a brown ugly thing
 12695 | D:11     | Killed a brown ugly thing
 12715 | D:11     | Noticed a purple ugly thing
 12734 | D:11     | Killed a purple ugly thing
 12770 | D:11     | Found a frozen archway.
 12772 | D:11     | Noticed an ice dragon
 12776 | D:11     | Reached ****** piety under Dithmenos
 12819 | D:11     | Killed an ice dragon
 12922 | IceCv    | Entered an ice cave
 12999 | IceCv    | Reached XP level 12. HP: 89/89 MP: 24/24
 14004 | IceCv    | Noticed a frost giant
 14004 | IceCv    | Noticed a death yak
 14008 | IceCv    | Killed a death yak
 14025 | IceCv    | Killed a frost giant
 14025 | IceCv    | Reached skill level 9 in Spellcasting
 15077 | D:11     | Noticed Urug
 15125 | D:11     | Killed Urug
 15295 | D:11     | Found a staircase to the Lair.
 15298 | D:11     | Noticed a two-headed ogre
 15305 | D:11     | Killed a two-headed ogre
 15305 | D:11     | Reached XP level 13. HP: 98/98 MP: 26/26
 15452 | Lair:1   | Entered Level 1 of the Lair of Beasts
 15714 | Lair:1   | Noticed Joseph
 15716 | Lair:1   | Killed Joseph
 16496 | Lair:2   | Found a staircase to the Snake Pit.
 16515 | Lair:2   | Reached skill level 10 in Stealth
 17198 | Lair:3   | Got a translucent copper ring
 17199 | Lair:3   | Identified the ring of Internal Strife {Fire rPois Int+4 Stlth+} (You found it on level 3 of the Lair of Beasts)
 17208 | Lair:3   | Learned a level 5 spell: Summon Mana Viper
 17833 | Lair:3   | Found a staircase to the Shoals.
 18782 | Lair:4   | Noticed BreadTh's ghost (adept SpWz)
 18794 | Lair:4   | Killed BreadTh's ghost
 19771 | Lair:5   | Found a runed door.
 19775 | Lair:5   | Found a viscous altar of Jiyva.
 19775 | Lair:5   | Noticed an azure jelly
 19776 | Lair:5   | Found a staircase to the Slime Pits.
 19776 | Lair:5   | Noticed an azure jelly
 19776 | Lair:5   | Noticed an azure jelly
 19914 | Lair:5   | Reached skill level 10 in Spellcasting
 20077 | Lair:5   | Reached XP level 14. HP: 66/106 MP: 20/28
 20507 | Lair:6   | Entered Level 6 of the Lair of Beasts
 20743 | Lair:6   | Found an ornate altar of the Wu Jian Council.
 21287 | Lair:6   | Reached skill level 10 in Dodging
 21777 | Lair:6   | Upgraded the game from 0.21.0-3-g78d12a8bdd to 0.21.0-36-ge3e1d5aaab
 22085 | D:12     | Found Rox Qife's Gadget Shop.
 22133 | D:12     | Found Ewnietokk's Armour Shoppe.
 22149 | D:12     | Found Opevy's Book Emporium.
 22448 | D:12     | Reached skill level 10 in Invocations
 22541 | D:12     | Found a labyrinth entrance.
 22550 | Lab      | Entered a labyrinth
 22642 | Lab      | Got a scorched quarterstaff
 22644 | Lab      | Identified the +8 quarterstaff of Fate {venom, rElec Str+4 Dex-4 SInv} (You found it in a labyrinth)
 22810 | D:12     | Found Otaam's Book Shoppe.
 22817 | D:12     | Bought a manual of Spellcasting for 1545 gold pieces
 22987 | D:12     | Learned a level 6 spell: Statue Form
 22994 | D:12     | Learned a level 5 spell: Yara's Violent Unravelling
 23645 | D:13     | Found a gate to the Vaults.
 23913 | D:13     | Reached XP level 15. HP: 106/114 MP: 23/29
 23954 | D:13     | Found Pymn's Armour Shop.
 23973 | D:13     | Reached skill level 11 in Spellcasting
 24035 | D:13     | Reached skill level 10 in Short Blades
 24444 | D:13     | Identified a scroll of acquirement
 24445 | D:13     | Got a faintly glowing shield
 24451 | D:13     | Identified the +0 shield "Tarchuach" {rC++} (You acquired it on level 13 of the Dungeon)
 24636 | D:14     | Found Esebaehu's Weapon Shoppe.
 24643 | D:14     | Found a blossoming altar of Fedhas.
 24862 | D:14     | Found Doiwn's Book Emporium.
 25015 | D:14     | Reached skill level 10 in Hexes
 25042 | D:14     | Found Ihamempeff's Food Shop.
 25473 | D:14     | Reached skill level 10 in Fighting
 25473 | D:14     | Reached skill level 10 in Long Blades
 25473 | D:14     | Reached skill level 10 in Axes
 25473 | D:14     | Reached skill level 10 in Maces & Flails
 25473 | D:14     | Reached skill level 10 in Polearms
 25473 | D:14     | Reached skill level 10 in Staves
 25473 | D:14     | Reached skill level 10 in Slings
 25473 | D:14     | Reached skill level 10 in Bows
 25473 | D:14     | Reached skill level 10 in Crossbows
 25473 | D:14     | Reached skill level 10 in Throwing
 25473 | D:14     | Reached skill level 10 in Armour
 25473 | D:14     | Reached skill level 10 in Shields
 25473 | D:14     | Reached skill level 10 in Unarmed Combat
 25473 | D:14     | Reached skill level 10 in Evocations
 25482 | D:14     | Noticed bartorex's ghost (adept TrBe)
 25660 | D:14     | Killed bartorex's ghost
 26593 | D:14     | Found Cuesk's Assorted Antiques.
 26928 | D:15     | Entered Level 15 of the Dungeon
 27006 | D:15     | Found a staircase to the Depths.
 27075 | D:15     | Reached skill level 12 in Spellcasting
 27151 | D:15     | Noticed Roxanne
 27214 | D:15     | Noticed Sonja
 27222 | D:15     | Killed Sonja
 27697 | D:15     | Reached XP level 16. HP: 123/123 MP: 29/32
 27909 | D:15     | Noticed Louise
 27916 | D:15     | Killed Louise
 28100 | D:15     | Noticed Agnes
 28107 | D:15     | Killed Agnes
 28583 | D:15     | Upgraded the game from 0.21.0-36-ge3e1d5aaab to 0.21.0-37-g46506fa5f3
 28626 | D:15     | Killed Roxanne
 29004 | Orc:1    | Entered Level 1 of the Orcish Mines
 29009 | Orc:1    | Noticed Erica
 29138 | D:10     | Killed Erica
 29212 | Orc:1    | Found a roughly hewn altar of Beogh.
 29265 | Orc:1    | Noticed Josephine
 29389 | Orc:1    | Noticed Harold
 29398 | Orc:1    | Killed Josephine
 29412 | Orc:1    | Killed Harold
 29742 | Snake:1  | Entered Level 1 of the Snake Pit
 30602 | Snake:1  | Reached skill level 13 in Spellcasting
 30761 | Snake:1  | Found Boudo's Jewellery Boutique.
 30762 | Snake:1  | Found Minnyrorph's Gadget Emporium.
 30762 | Snake:1  | Found Hacot's Gadget Emporium.
 31032 | Snake:2  | Found a shadowy altar of Dithmenos.
 31980 | Snake:2  | Reached XP level 17. HP: 131/131 MP: 31/34
 32612 | Snake:2  | Learned a level 4 spell: Force Lance
 32619 | Snake:2  | Learned a level 6 spell: Ozocubu's Refrigeration
 34470 | Snake:4  | Entered Level 4 of the Snake Pit
 34729 | Snake:4  | HP: 5/131 [nagaraja/orb of energy (31)]
 34735 | Snake:4  | Slain by a nagaraja

Skill      XL: |  1  2  3  4  5  6  7  8  9 10 11 12 13 14 15 16 17 |
---------------+----------------------------------------------------+-----
Spellcasting   | 5 6 7 8 9 10 12 13 | 13.8
Stealth        | 6 7 8 9 10 11 12 | 12.6
Invocations    | 1 2 3 4 5 6 7 8 9 10 11 12 | 12.3
Fighting       | 1 2 4 5 6 7 8 9 10 11 | 11.4
Long Blades    | 1 2 4 5 6 7 8 9 10 11 | 11.4
Axes           | 1 2 4 5 6 7 8 9 10 11 | 11.4
Maces & Flails | 1 2 4 5 6 7 8 9 10 11 | 11.4
Polearms       | 1 2 4 5 6 7 8 9 10 11 | 11.4
Staves         | 1 2 4 5 6 7 8 9 10 11 | 11.4
Slings         | 1 2 4 5 6 7 8 9 10 11 | 11.4
Bows           | 1 2 4 5 6 7 8 9 10 11 | 11.4
Crossbows      | 1 2 4 5 6 7 8 9 10 11 | 11.4
Throwing       | 1 2 4 5 6 7 8 9 10 11 | 11.4
Armour         | 1 2 4 5 6 7 8 9 10 11 | 11.4
Shields        | 1 2 4 5 6 7 8 9 10 11 | 11.4
Unarmed Combat | 1 2 4 5 6 7 8 9 10 11 | 11.4
Evocations     | 1 2 4 5 6 7 8 9 10 11 | 11.4
Conjurations   | 1 2 3 4 5 6 7 8 9 |  9.7
Charms         | 1 2 3 4 5 6 7 8 9 |  9.7
Summonings     | 1 2 3 4 5 6 7 8 9 |  9.7
Necromancy     | 1 2 3 4 5 6 7 8 9 |  9.7
Translocations | 1 2 3 4 5 6 7 8 9 |  9.7
Transmutations | 1 2 3 4 5 6 7 8 9 |  9.7
Fire Magic     | 1 2 3 4 5 6 7 8 9 |  9.7
Ice Magic      | 1 2 3 4 5 6 7 8 9 |  9.7
Air Magic      | 1 2 3 4 5 6 7 8 9 |  9.7
Earth Magic    | 1 2 3 4 5 6 7 8 9 |  9.7
Poison Magic   | 1 2 3 4 5 6 7 8 9 |  9.7
Short Blades   | 3 4 5 6 7 8 9 10 11 | 11.6
Dodging        | 5 6 7 8 9 10 11 12 | 12.2
Hexes          | 6 7 8 9 10 11 | 11.0

Action                   |  1- 3 |  4- 6 |  7- 9 | 10-12 | 13-15 | 16-18 || total
-------------------------+-------+-------+-------+-------+-------+-------++-------
Melee: Dagger            |   118 |   220 |   273 |   123 |       |       ||   734
       Bite              |    13 |    16 |    27 |    63 |   105 |   107 ||   331
       Falchion          |       |    17 |    10 |    40 |       |       ||    67
       Unarmed           |       |    15 |       |       |       |       ||    15
       Punch             |       |     1 |       |     7 |    21 |     3 ||    32
       Whip              |       |       |    25 |       |       |       ||    25
       Rapier            |       |       |       |   360 |   790 |   326 ||  1476
       Quarterstaff      |       |       |       |       |    96 |    40 ||   136
       Demon trident     |       |       |       |       |       |    64 ||    64
       Scimitar          |       |       |       |       |       |   225 ||   225
 Fire: Hunting sling     |       |    10 |       |       |       |       ||    10
Throw: Stone             |       |       |       |     1 |       |       ||     1
 Cast: Ensorcelled Hiber |    17 |    50 |    49 |   125 |   287 |    64 ||   592
       Confuse           |       |     1 |    28 |    79 |   133 |    77 ||   318
       Summon Lightning  |       |       |       |     7 |     9 |     6 ||    22
       Summon Ice Beast  |       |       |       |       |     8 |       ||     8
       Summon Mana Viper |       |       |       |       |     4 |    66 ||    70
       Corona            |       |       |       |       |     2 |       ||     2
       Yara's Violent Un |       |       |       |       |     1 |     2 ||     3
       Statue Form       |       |       |       |       |     1 |       ||     1
       Dazzling Spray    |       |       |       |       |     1 |       ||     1
       Ozocubu's Refrige |       |       |       |       |       |     2 ||     2
       Force Lance       |       |       |       |       |       |     1 ||     1
Evoke: Wand              |       |       |       |     1 |     7 |       ||     8
       Fan of gales      |       |       |       |       |     1 |       ||     1
  Use: Scroll            |       |     4 |     2 |    11 |    14 |     9 ||    40
       Potion            |       |       |       |       |     8 |     3 ||    11
 Stab: Sleeping          |    21 |    36 |    54 |   124 |   260 |    60 ||   555
       Distracted        |       |     2 |     2 |     4 |     2 |    23 ||    33
       Confused          |       |       |    19 |    57 |    71 |    48 ||   195
  Eat: Chunk             |     2 |    10 |    15 |    17 |    38 |    18 ||   100
       Ration            |       |       |       |     2 |     1 |     4 ||     7
Armor: Robe              |    21 |    41 |    21 |     7 |       |       ||    90
       Troll leather arm |       |       |       |    90 |   128 |    82 ||   300
       Skin              |       |       |       |       |     7 |       ||     7
Dodge: Dodged            |    86 |   231 |   201 |   383 |   611 |   375 ||  1887
Block: Other             |       |       |     5 |    88 |    28 |       ||   121
       Reflection        |       |       |       |     3 |       |       ||     3
       Shield            |       |       |       |       |    79 |   316 ||   395
       Rpst.: Falchion   |       |     2 |     2 |     3 |       |       ||     7
       Scimitar          |       |       |       |       |       |    52 ||    52
